 Dungeon Crawl Stone Soup version 0.27.1-1-g398f81649c (webtiles) character file.

Game seed: 9425572776206723641

85333 ABBCCCDDDD the Devastator (level 15, -12/129 HPs)
             Began as a Purple Draconian Monk on Sept 13, 2021.
             Was the Champion of Zin.
             Mangled by a snapping turtle (20 damage)
             ... on level 3 of the Shoals.
             The game lasted 01:43:34 (53445 turns).

ABBCCCDDDD the Devastator (Purple Draconian Monk)  Turns: 53445, Time: 01:43:34

Health: -12/129    AC: 14    Str: 14    XL:     15   Next: 37%
Magic:  0/32       EV: 12    Int: 17    God:    Zin [******]
Gold:   1439       SH:  8    Dex: 13    Spells: 10/41 levels left

rFire    + . .     SeeInvis .   C - +3 dire flail
rCold    + . .     Faith    .   (shield currently unavailable)
rNeg     . . .     Spirit   +   (armour unavailable)
rPois    .         Reflect  .   e - +0 hat
rElec    .         Harm     .   Q - scarf {rC+ rF+}
rCorr    .         Rampage  .   m - +0 pair of gloves
Will     +....                  (no boots)
Stlth    +.........             D - brooch of Shielding {Spirit SH+8}
HPRegen  0.31/turn              j - ring of willpower
MPRegen  0.23/turn              h - +4 ring of protection

@: weak-willed, mesmerised, very slow
A: breathe power, AC +9, unfitting armour, cold-blooded
a: Breathe Dispelling Energy, Renounce Religion, Recite, Vitalisation, Imprison,
Sanctuary, Donate Gold


You were on level 3 of the Shoals.
You worshipped Zin.
Zin was exalted by your worship.
You visited 4 branches of the dungeon, and saw 24 of its levels.
You visited 1 bazaar.
You also visited: Sewer, Ossuary and Ice Cave.

You collected 3152 gold pieces.
You spent 1453 gold pieces at shops.
You donated 260 gold pieces to Zin.

Inventory:

Hand Weapons
 C - a +3 dire flail (weapon)
Missiles
 k - 570 stones
 A - 50 poisoned darts (quivered)
 E - 6 throwing nets
 L - 9 curare-tipped darts
Armour
 e - a +0 hat (worn)
 g - a +1 pair of boots of rampaging
 m - a +0 pair of gloves (worn)
 u - a +2 kite shield
 H - the +2 cloak of Insecurity {Int+6 Slay+5}
   (You bought it in a shop on level 2 of the Orcish Mines)

   Int:       It affects your intelligence (+6).
   Slay:      It affects your accuracy & damage with ranged weapons and melee
   (+5).
 O - a +1 tower shield of cold resistance
 Q - a scarf of resistance (worn)
Jewellery
 a - the ring "Satula" {rPois rF+ Will- Str-3 Stlth+}
   (You took it off a centaur on level 1 of the Shoals)

   [ring of protection from fire]

   Str:       It affects your strength (-3).
   rF:        It protects you from fire.
   rPois:     It protects you from poison.
   Will:      It decreases your willpower.
   Stlth:     It makes you more stealthy.
 h - a +4 ring of protection (right hand)
 j - a ring of willpower (left hand)
 n - a ring of positive energy
 t - an amulet of regeneration
 D - the brooch of Shielding (around neck) {Spirit SH+8}
   (You acquired it on level 7 of the Dungeon)

   [amulet of guardian spirit]

   It causes incoming damage to be divided between your reserves of health and
   magic.
   SH:        It affects your SH (+8).
 R - a +4 ring of evasion
 V - a ring of flight
 X - a ring of ice
Wands
 B - a wand of flame (51)
 F - a wand of digging (3)
 I - a wand of paralysis (26)
 N - a wand of mindburst (30)
Scrolls
 c - 5 scrolls of fog
 d - 2 scrolls of immolation
 f - 4 scrolls of vulnerability
 o - 4 scrolls of enchant weapon
 p - 5 scrolls of enchant armour
 w - 2 scrolls of magic mapping
 x - 2 scrolls of teleportation
 P - 2 scrolls of summoning
Potions
 b - 7 potions of curing
 i - 8 potions of attraction
 l - 5 potions of flight
 q - 5 potions of brilliance
 r - 8 potions of heal wounds
 s - 4 potions of haste
 v - a potion of ambrosia {unknown}
 z - 6 potions of might {unknown}
 G - 2 potions of lignification {unknown}
 J - a potion of cancellation {unknown}
 M - a potion of resistance
 S - a potion of magic
 T - a potion of berserk rage {unknown}
 U - a potion of mutation
 Z - a potion of experience {unknown}
Miscellaneous
 K - a phial of floods
 Y - a phantom mirror


   Skills:
 - Level 11.0 Fighting
 - Level 10.0 Maces & Flails
 - Level 2.6 Dodging
 - Level 1.7 Stealth
 + Level 13.5 Spellcasting
 + Level 15.4 Conjurations
 - Level 3.0 Translocations
 - Level 10.0 Fire Magic
 - Level 10.0 Invocations


You had 10 spell levels left.
You knew the following spells:

 Your Spells              Type           Power      Damage    Failure   Level
a - Blink                 Tloc           N/A        N/A       2%          2
b - Fireball              Conj/Fire      26%        3d12      1%          5
c - Searing Ray           Conj           100%       3d7       0%          2
d - Orb of Destruction    Conj           29%        9d11      9%          7
e - Fire Storm            Conj/Fire      26%        8d7       100%        9
f - Mephitic Cloud        Conj/Pois/Air  28%        N/A       2%          3
g - Ignite Poison         Fire/Tmut/Pois 22%        N/A       4%          3

Your spell library contained the following spells:

 Spells                   Type           Power      Damage    Failure   Level
 Magic Dart               Conj           100%       1d8       0%          1
 Foxfire                  Conj/Fire      100%       2x1d9     1%          1
 Conjure Flame            Conj/Fire      53%        6-21      1%          3
 Iskenderun's Battlesphe  Conj           59%        2d11      1%          5
 Inner Flame              Hex/Fire       28%        N/A       2%          3
 Fulminant Prism          Conj/Hex       18%        3d11      2%          4
 Hailstorm                Conj/Ice       37%        3d9       2%          4
 Bolt of Magma            Conj/Fire/Erth 20%        4d10      4%          5
 Gell's Gravitas          Tloc           10%        N/A       5%          3
 Lesser Beckoning         Tloc           10%        N/A       5%          3
 Teleport Other           Tloc           21%        N/A       5%          3
 Summon Small Mammal      Summ           44%        N/A       6%          1
 Slow                     Hex            11%        N/A       9%          2
 Call Canine Familiar     Summ           11%        N/A       19%         3
 Confusing Touch          Hex            11%        N/A       19%         3
 Frozen Ramparts          Ice            22%        1d4       19%         3
 Ozocubu's Armour         Ice            11%        N/A       19%         3
 Summon Guardian Golem    Hex/Summ       11%        N/A       19%         3
 Vampiric Draining        Necr           5%         2d6       19%         3
 Conjure Ball Lightning   Conj/Air       18%        3x3d6     36%         6
 Iron Shot                Conj/Erth      18%        9d4       36%         6
 Manifold Assault         Tloc           21%        N/A       43%         5
 Cause Fear               Hex            5%         N/A       52%         4
 Yara's Violent Unravell  Hex/Tmut       5%         3d4       86%         5
 Spellforged Servitor     Conj/Summ      18%        N/A       91%         7
 Dispersal                Tloc           10%        N/A       95%         6
 Simulacrum               Ice/Necr       5%         N/A       100%        6
 Dragon Form              Tmut           5%         N/A       100%        7
 Ozocubu's Refrigeration  Ice            5%         4d6       100%        7
 Chain Lightning          Conj/Air       18%        3d24      100%        9
 Dragon's Call            Summ           5%         N/A       100%        9


Dungeon Overview and Level Annotations

Branches:
Dungeon (13/15)            Temple (0/1) D:5            Lair (6/6) D:8
 Shoals (3/4) Lair:3       Spider (0/4) Lair:2        Slime (0/5) Lair:5
    Orc (2/2) D:11            Elf (0/3) Orc:2         Sewer (visited)
Ossuary (visited)           IceCv (visited)
 Vaults: D:13-14

Altars:
Cheibriados
Fedhas
Hepliaklqana
Ru
Sif Muna
Vehumet
Wu Jian
Zin
The Shining One
Beogh
Jiyva

Shops:
D:2 =   D:7 **   D:9 *   D:10 =   Orc:2 (**[:

Portals:
Trove: D:12 (give +3 gold dragon scales)

Annotations:
D:11 exclusion: downstairs
Lair:3 3 runed translucent doors, exclusions: boulder beetle and 4 oklob plants, Fuxod's ghost, journeyman GnWn; funkygono's ghost, journeyman GrFE
Lair:4 exclusion: downstairs
Shoals:1 Roxanne


Innate Abilities, Weirdness & Mutations

You can breathe bolts of dispelling energy.
Your rich purple scales are hard. (AC +9)
You cannot fit into any form of body armour.
You are cold-blooded and may be slowed by cold attacks.


Message History

The harpy claws you but does no damage. The harpy closely misses you.
The harpy claws you but does no damage. The harpy claws you.
The teleport trap disappears.
The harpy disappears!
You block the harpy's attack. The harpy closely misses you.
The harpy claws you but does no damage. x2
The merfolk impaler hits you from afar with a +0 trident!!
* * * LOW HITPOINT WARNING * * *
The merfolk siren chants its luring song.
The snapping turtle misses you.
The merfolk hits you but does no damage.
You block the harpy's attack. The harpy barely misses you.
The harpy claws you but does no damage. x2
The merfolk impaler hits you from afar with a +0 trident!
* * * LOW HITPOINT WARNING * * *
The merfolk closely misses you. The snapping turtle barely misses you.
The merfolk siren chants its luring song.
The faun splashes around in the water.
The merfolk barely misses you. The harpy claws you!
* * * LOW HITPOINT WARNING * * *
The harpy claws you but does no damage.
Okay, then.
Okay, then.
Unknown command.
Okay, then.
Okay, then.
You feel much better.
The sentinel's mark upon you fades away.
The harpy claws you!
* * * LOW HITPOINT WARNING * * *
The harpy barely misses you. The harpy claws you.
* * * LOW HITPOINT WARNING * * *
The harpy claws you.
* * * LOW HITPOINT WARNING * * *
The harpy claws the plant!
The plant begins to die.
The harpy claws the plant! x2
The plant begins to die.
The harpy claws the plant.
You block the merfolk javelineer's attack.
The merfolk hits you from afar with a +0 trident!
* * * LOW HITPOINT WARNING * * *
The snapping turtle bites you from afar!!
You die...

≈≈≈≈≈≈≈≈≈≈≈≈≈≈≈≈
≈≈≈≈≈≈≈≈≈≈≈≈≈≈≈≈
≈≈≈≈≈≈≈≈≈≈≈≈≈≈≈≈
≈≈≈≈≈≈≈≈≈≈≈≈≈≈≈≈≈
≈≈≈≈≈...≈≈≈≈≈≈≈≈≈≈≈
≈≈≈≈≈.#§≈≈≈≈≈≈≈≈≈≈≈≈
≈≈≈≈≈.§§§P≈≈≈≈≈≈≈≈≈≈
≈≈≈≈≈≈HH@≈P≈≈≈≈≈≈≈≈≈
≈≈≈≈≈≈m§P§≈≈≈≈≈≈≈≈≈≈
≈≈≈≈≈mmPt§m≈≈P≈≈≈≈≈≈
≈≈≈≈HmH≈≈≈≈≈≈≈≈≈≈≈≈≈
≈≈≈≈≈≈≈≈≈≈≈≈≈E≈≈≈≈≈≈
≈≈k≈≈≈≈≈...≈≈P≈≈≈≈≈≈
≈≈≈≈≈≈≈≈....≈P≈≈≈≈≈≈
cm≈cP≈≈P##PP≈≈≈≈P≈≈≈
≈≈≈≈≈≈≈≈###.PPP≈PP≈≈


You could see a merfolk impaler, a merfolk javelineer, a snapping turtle, a wind
drake (repels missiles), 3 merfolk, a faun, a manticore, a merfolk siren
(mesmerising), 3 harpies and a friendly water elemental (summoned).

Levels and vault maps discovered:
D:1:      lemuel_arrival_muddy, layout_basic, st_stairs_12, solitary_fountain
D:2:      layout_basic, serial_shops, shop, basic_ecumenical_altar
D:3:      layout_rooms, lexackson_kobold_supper, uniq_robin
D:4:      layout_rooms, chequers_temple_overflow_statue_of_worship
D:5:      layout_basic, minmay_temple_entry_butterflies, portal_sewer_entry_e,
          uniq_grinder
D:6:      layout_layer_cave, lemuel_flame_loot_1
D:7:      layout_basic, serial_shops, shop, nicolae_elemental_shop,
          minivault_25, uniq_harold
D:8:      cheibrodos_quashed, layout_loops_ring, mainiacjoe_overflow_swirl,
          due_lair_maze_entry_diamond, chequers_ossuary_entry_cave
D:9:      layout_rooms, serial_shops, shop, uniq_grum, uniq_psyche,
          uniq_gastronok, uniq_prince_ribbit1
D:10:     layout_cave_pools, lemuel_blue_sif_altar,
          mainiacjoe_overflow_alcove_2, kennysheep_mini_moat, serial_shops,
          shop_fountains, uniq_urug, uniq_fannar, uniq_sonja
D:11:     layout_roguey, erik_orc_4, serial_shops, bzr_entry_islet,
          gauntlet_entry_generic, uniq_nergalle
D:12:     layout_basic, nicolae_trove_entry_path_of_doom, hangedman_decor_push,
          uniq_snorg, uniq_jorgrun
D:13:     layout_basic, serial_shops, shop
Lair:1:   layout_misc_corridors, lemuel_fruit_fields
Lair:2:   layout_chaotic_city, spider_nest_entry_webs,
          portal_ice_cave_entry_pillars_2, st_stairs_10,
          grunt_forest_small_clearing_treed, grunt_megastairs_2,
          infiniplex_staircase_pool_2
Lair:3:   layout_chaotic_city, minmay_shoals_entry_lonely_mermaid, basic_altar,
          gammafunk_ghost_cemetery, disabler_island, serial_bayou_shore_b,
          serial_bayou_shore_a
Lair:4:   layout_cave_pods, hangedman_lair_generics_rect
Lair:5:   layout_layer_cave, slime_altar_1, lookout_lair_type,
          beast_lair_carwin_9, grunt_megastairs_5
Lair:6:   grunt_lair_end_beastmaster, layout_gridlike, kennysheep_snail_temple,
          lemuel_fruit_fields, grunt_megastairs_4, serial_bayou_shore_b
Shoals:1: layout_shoals, uniq_roxanne
Shoals:2: layout_shoals, nicolae_shoals_nautilus_by_nature, lemuel_centaur_altar
Shoals:3: layout_shoals, st_sunken_temple
Orc:1:    layout_caves, mines2_david
Orc:2:    grunt_orc_cross, layout_caves, serial_shops, shop

Notes
Turn   | Place    | Note
-------+----------+-------------------------------------------
     0 | D:1      | ABBCCCDDDD the Draconian Monk began the quest for the Orb.
     0 | D:1      | Reached XP level 1. HP: 19/19 MP: 1/1
   142 | D:1      | Reached XP level 2. HP: 23/26 MP: 2/2
   898 | D:1      | Reached XP level 3. HP: 33/33 MP: 3/3
  1400 | D:2      | Found Peip's Jewellery Shop.
  1551 | D:2      | Found a faded altar of an unknown god.
  1581 | D:2      | Became a worshipper of Zin the Law-Giver
  1581 | D:2      | Reached * piety under Zin
  1581 | D:2      | Reached ** piety under Zin
  1581 | D:2      | Reached *** piety under Zin
  1748 | D:2      | Reached XP level 4. HP: 19/41 MP: 4/4
  2384 | D:3      | Reached skill level 1 in Invocations
  2978 | D:3      | Noticed Robin
  3310 | D:2      | Killed Robin
  3311 | D:2      | Reached XP level 5. HP: 44/47 MP: 6/6
  3546 | D:3      | Reached **** piety under Zin
  3646 | D:4      | Learned a level 2 spell: Blink
  3867 | D:4      | Noticed a black bear
  3919 | D:3      | Reached skill level 5 in Fighting
  4309 | D:4      | Reached skill level 1 in Spellcasting
  4309 | D:4      | Reached skill level 1 in Translocations
  4372 | D:4      | Found a glowing golden altar of the Shining One.
  4372 | D:4      | Found a hazy altar of Hepliaklqana.
  4663 | D:5      | Entered Level 5 of the Dungeon
  4700 | D:5      | Noticed a phantom
  4719 | D:5      | Killed a phantom
  4720 | D:5      | Reached XP level 6. HP: 28/56 MP: 6/8
  5016 | D:5      | Noticed Grinder
  5078 | D:5      | Found a staircase to the Ecumenical Temple.
  5101 | D:5      | Reached skill level 5 in Maces & Flails
  5263 | D:5      | Found a glowing drain.
  5271 | Sewer    | Entered a sewer
  5370 | Sewer    | Noticed Purgy
  6511 | D:5      | Your scales start taking on a rich purple colour.
  6511 | D:5      | Reached XP level 7. HP: 46/61 MP: 9/9
  7887 | D:6      | Reached skill level 5 in Invocations
  8337 | D:6      | Reached XP level 8. HP: 49/68 MP: 11/11
  9170 | D:6      | Got Asmodeus's Reference Book on Blistering Arcane Weapons
  9177 | D:6      | Learned a level 5 spell: Fireball
  9818 | D:6      | Reached skill level 1 in Conjurations
  9818 | D:6      | Reached skill level 1 in Fire Magic
 10653 | D:6      | Reached skill level 2 in Conjurations
 11094 | D:6      | Learned a level 2 spell: Searing Ray
 11614 | D:7      | Found Ethrok's Assorted Antiques.
 11734 | D:7      | Bought a scroll labelled HOIBUD CA CAO for 24 gold pieces
 11734 | D:7      | Bought a scroll labelled ONNEOR QIEKOMAEL for 24 gold
                  | pieces
 11734 | D:7      | Bought a scroll labelled HOIBUD CA CAO for 24 gold pieces
 11734 | D:7      | Bought a scroll labelled ELO QUCWO for 24 gold pieces
 12108 | D:7      | Found Guysace's Elemental Accessories.
 12214 | D:7      | Reached XP level 9. HP: 46/73 MP: 14/14
 12598 | D:7      | Identified 2 scrolls of acquirement
 12599 | D:7      | Acquired the brooch of Shielding {Spirit SH+8}
 12599 | D:7      | Found the brooch of Shielding {Spirit SH+8}
 12611 | D:7      | Acquired 859 gold pieces
 12612 | D:7      | Reached ***** piety under Zin
 12648 | D:7      | Noticed a six-headed hydra
 12725 | D:5      | Killed Purgy
 12726 | D:5      | Reached skill level 3 in Conjurations
 12811 | D:2      | Bought a +4 ring of protection for 504 gold pieces
 13698 | D:7      | Killed a six-headed hydra
 13699 | D:7      | Reached skill level 4 in Conjurations
 14077 | D:7      | Reached skill level 5 in Spellcasting
 14163 | D:7      | Noticed Harold
 14210 | D:7      | Killed Harold
 14211 | D:7      | Reached skill level 5 in Conjurations
 14211 | D:7      | Reached skill level 5 in Fire Magic
 14211 | D:7      | Reached XP level 10. HP: 73/81 MP: 14/17
 14719 | D:8      | Found a sand-covered staircase.
 14728 | Ossuary  | Entered an ossuary
 14984 | Ossuary  | Reached ****** piety under Zin
 15094 | D:8      | Reached skill level 6 in Conjurations
 15106 | D:8      | Reached skill level 10 in Maces & Flails
 15362 | D:8      | Found a staircase to the Lair.
 15811 | D:8      | Found a sacrificial altar of Ru.
 15820 | D:8      | Found a snail-covered altar of Cheibriados.
 15925 | D:9      | Noticed Prince Ribbit
 15936 | D:9      | Killed Prince Ribbit
 15940 | D:9      | Noticed Psyche
 15985 | D:9      | Reached skill level 7 in Conjurations
 16251 | D:9      | Noticed Gastronok
 16269 | D:9      | Killed Gastronok
 16270 | D:9      | Reached XP level 11. HP: 86/86 MP: 9/18
 16413 | D:9      | Noticed Grum
 16433 | D:9      | Killed Grum
 16678 | D:9      | Killed Psyche
 16829 | D:9      | Found Yhaj's General Store.
 16836 | D:9      | Bought a scroll of teleportation for 45 gold pieces
 16836 | D:9      | Bought a scroll of blinking for 112 gold pieces
 16836 | D:9      | Bought a scroll of teleportation for 45 gold pieces
 16849 | D:9      | Noticed a two-headed ogre
 16860 | D:9      | Killed a two-headed ogre
 16861 | D:9      | Reached skill level 8 in Conjurations
 17519 | D:10     | Entered Level 10 of the Dungeon
 17562 | D:10     | Noticed a centaur warrior
 17580 | D:10     | Killed a centaur warrior
 17786 | D:10     | Noticed Fannar
 17809 | D:10     | Noticed Urug
 17914 | D:10     | Noticed Sonja
 18152 | D:10     | Found Kucsemor's Jewellery Shop.
 18457 | D:10     | Found a shimmering blue altar of Sif Muna.
 18495 | D:10     | Found a blossoming altar of Fedhas.
 18517 | D:10     | Found a radiant altar of Vehumet.
 18650 | D:11     | Found a gate leading to a gauntlet.
 18724 | D:11     | Found a flickering gateway to a bazaar.
 18733 | Bazaar   | Entered a bazaar
 18733 | Bazaar   | Found Kof Sorch's Book Shoppe.
 18816 | Bazaar   | Found Qoulaodgh's Antique Weapon Shoppe.
 18823 | Bazaar   | Found Caumoycu's Antique Weapon Boutique.
 18840 | Bazaar   | Found Zusch's Armour Shop.
 18844 | Bazaar   | Found Jettifaa's Assorted Antiques.
 18852 | Bazaar   | Bought a purple potion for 34 gold pieces
 18852 | Bazaar   | Bought a smoky blue potion for 34 gold pieces
 18852 | Bazaar   | Bought a scroll of fear for 133 gold pieces
 18852 | Bazaar   | Bought a smoky blue potion for 34 gold pieces
 18938 | D:10     | Killed Sonja
 19761 | D:11     | Noticed Nergalle
 20057 | D:11     | Found a staircase to the Orcish Mines.
 20394 | D:12     | Noticed a soul eater
 20552 | D:12     | Noticed a red ugly thing
 20795 | D:5      | Killed Grinder
 20965 | Lair:1   | Entered Level 1 of the Lair of Beasts
 21633 | Lair:1   | Reached skill level 9 in Conjurations
 22079 | Lair:1   | Reached XP level 12. HP: 91/97 MP: 19/21
 22635 | Lair:2   | Noticed an eight-headed hydra
 22798 | Lair:2   | Found a frozen archway.
 22805 | IceCv    | Entered an ice cave
 25165 | IceCv    | Noticed a reaper
 26238 | IceCv    | Got the Disquisition on the Snowflakes
 26397 | Lair:2   | Found a hole to the Spider Nest.
 26857 | Lair:1   | Learned a level 7 spell: Orb of Destruction
 26867 | Lair:1   | Learned a level 9 spell: Fire Storm
 27004 | Lair:2   | Killed an eight-headed hydra
 27005 | Lair:2   | Reached skill level 10 in Conjurations
 27005 | Lair:2   | Reached skill level 10 in Fire Magic
 27455 | Lair:3   | Noticed an eight-headed hydra
 28210 | Lair:3   | Found a staircase to the Shoals.
 28365 | Lair:3   | Noticed a boulder beetle
 28400 | Lair:3   | Found a runed translucent gate.
 28400 | Lair:3   | Found a runed translucent gate.
 28400 | Lair:3   | Found a runed translucent gate.
 28435 | Lair:3   | Found an ornate altar of the Wu Jian Council.
 28829 | Lair:3   | Noticed funkygono's ghost (journeyman GrFE)
 28830 | Lair:3   | Noticed Fuxod's ghost (journeyman GnWn)
 29712 | Lair:4   | Reached skill level 10 in Spellcasting
 30363 | Lair:4   | Noticed a death yak
 31083 | Lair:4   | Noticed an eight-headed hydra
 31612 | Lair:4   | Killed a death yak
 31613 | Lair:4   | Reached XP level 13. HP: 73/108 MP: 3/27
 33683 | Lair:5   | Reached skill level 11 in Conjurations
 33951 | Lair:5   | Found a staircase to the Slime Pits.
 33951 | Lair:5   | Found a viscous altar of Jiyva.
 34542 | Lair:6   | Entered Level 6 of the Lair of Beasts
 35706 | Lair:6   | Reached skill level 10 in Fighting
 37600 | Lair:6   | Reached XP level 14. HP: 81/122 MP: 1/29
 38752 | D:10     | Killed Urug
 38885 | Orc:1    | Entered Level 1 of the Orcish Mines
 38893 | Orc:1    | Noticed an orc warlord
 39169 | D:10     | Killed Nergalle
 39371 | D:10     | Killed Fannar
 39593 | D:11     | Learned a level 3 spell: Mephitic Cloud
 39597 | D:11     | Learned a level 3 spell: Ignite Poison
 39733 | D:11     | Killed an orc warlord
 39734 | D:11     | Reached skill level 12 in Conjurations
 39734 | D:11     | Reached skill level 10 in Invocations
 40758 | Orc:2    | Entered Level 2 of the Orcish Mines
 41999 | Orc:2    | Noticed Saint Roka
 44437 | Orc:2    | Reached skill level 13 in Conjurations
 44553 | Orc:2    | Found Igamescho's General Store.
 44557 | Orc:2    | Found a staircase to the Elven Halls.
 44913 | Orc:2    | Found Cyrheqed's Book Boutique.
 44928 | Orc:2    | Found Efaynlop's Antique Armour Boutique.
 44935 | Orc:2    | Bought a pair of embroidered boots for 172 gold pieces
 44935 | Orc:2    | Bought a masterwork cloak for 218 gold pieces
 44935 | Orc:2    | Identified the +2 cloak of Insecurity {Int+6 Slay+5} (You
                  | bought it in a shop on level 2 of the Orcish Mines)
 44954 | Orc:2    | Killed Saint Roka
 44965 | Orc:2    | Found Iraxt's Antique Weapon Boutique.
 45072 | Orc:2    | Found Enautzustre's General Store.
 45097 | Orc:2    | Bought 4 curare-tipped darts for 26 gold pieces
 45497 | D:12     | Noticed Jorgrun
 45800 | D:12     | Killed Jorgrun
 46236 | D:12     | Noticed Snorg
 46270 | D:12     | Killed Snorg
 46489 | D:12     | Reached skill level 14 in Conjurations
 46693 | D:12     | Found a portal to a secret trove of treasure.
 48228 | Shoals:1 | Entered Level 1 of the Shoals
 48734 | Shoals:1 | Identified the ring "Satula" {rPois rF+ Will- Str-3 Stlth+}
 49093 | Shoals:1 | Noticed Roxanne
 49913 | Shoals:1 | HP: 2/124 [merfolk aquamancer/shard of ice (19)]
 50081 | Shoals:1 | Reached XP level 15. HP: 70/129 MP: 6/31
 51196 | Shoals:2 | Reached skill level 15 in Conjurations
 52377 | Shoals:2 | Found a blossoming altar of Fedhas.
 53445 | Shoals:3 | Mangled by a snapping turtle

Table legend: (Time is in decaauts)
 A = Elapsed time spent in this place.
 B = Non-inter-level travel time spent in this place.
 C = Inter-level travel time spent in this place.
 D = Time resting spent in this place.
 E = Time spent auto-exploring this place.
 F = Levels seen in this place.
 G = Mean time per level.
                   A        B        C        D        E       F      G
               +--------+--------+--------+--------+--------+-----+--------+
         Total |  53662 |  50940 |   2722 |  22127 |  18927 |  28 | 1916.5 |
       Dungeon |  25001 |  23431 |   1570 |   7580 |  10391 |  13 | 1923.2 |
          Lair |  14446 |  13674 |    772 |   5764 |   5892 |   6 | 2407.7 |
        Shoals |   5195 |   5081 |    114 |   3183 |   1124 |   3 | 1731.7 |
  Orcish Mines |   4947 |   4683 |    264 |   2917 |    918 |   2 | 2473.5 |
        Bazaar |    132 |    132 |      0 |      0 |    113 |   1 |  132.0 |
         Sewer |    151 |    151 |      0 |      0 |     79 |   1 |  151.0 |
       Ossuary |    292 |    292 |      0 |     52 |    165 |   1 |  292.0 |
      Ice Cave |   3494 |   3494 |      0 |   2630 |    244 |   1 | 3494.0 |
               +--------+--------+--------+--------+--------+-----+--------+

Top non-repeatable levels by time:
  Lair:5: 4289 daAuts
   IceCv: 3494 daAuts
     D:6: 3334 daAuts
     D:5: 3028 daAuts
Shoals:1: 2724 daAuts
  Lair:4: 2622 daAuts
   Orc:1: 2566 daAuts
    D:11: 2548 daAuts
  Lair:3: 2489 daAuts
   Orc:2: 2381 daAuts
     D:7: 2342 daAuts
Shoals:2: 2243 daAuts
     D:3: 2221 daAuts
    D:12: 2013 daAuts
  Lair:2: 1845 daAuts

Table legend:
 A = Kills in this place as a percentage of kills in entire the game.
 B = Kills by you in this place as a percentage of kills by you in the entire game.
 C = Kills by friends in this place as a percentage of kills by friends in the entire game.
 D = Other kills in this place as a percentage of other kills in the entire game.
 E = Experience gained in this place as a percentage of experience gained in the entire game.
 F = Experience gained in this place divided by the number of levels of this place that you have seen.
                   A       B       C       D       E      F
               +-------+-------+-------+-------+-------+----------------------
         Total | 100.0 | 100.0 | 100.0 | 100.0 | 100.0 | 4353.8
       Dungeon |  44.6 |  44.4 |  28.6 | 100.0 |  26.2 | 2460.2
          Lair |  22.4 |  22.3 |  42.9 |   0.0 |  37.8 | 7679.2
        Shoals |   9.6 |   9.6 |  14.3 |   0.0 |  23.8 | 9690.7
  Orcish Mines |  12.3 |  12.4 |  14.3 |   0.0 |   9.3 | 5686.0
         Sewer |   0.5 |   0.5 |   0.0 |   0.0 |   0.0 |  16.0
       Ossuary |   3.2 |   3.3 |   0.0 |   0.0 |   0.1 |  85.0
      Ice Cave |   7.5 |   7.6 |   0.0 |   0.0 |   2.7 | 3302.0
               +-------+-------+-------+-------+-------+----------------------

Action                   |  1- 3 |  4- 6 |  7- 9 | 10-12 | 13-15 || total
-------------------------+-------+-------+-------+-------+-------++-------
Melee: Mace              |   137 |   353 |   229 |       |       ||   719
       Tailslap          |    16 |    47 |    45 |   104 |    64 ||   276
       Dire flail        |       |       |    68 |   815 |   502 ||  1385
Throw: Stone             |       |     2 |     6 |       |       ||     8
       Throwing net      |       |     2 |     1 |     1 |     1 ||     5
       Dart              |       |       |     2 |     3 |    21 ||    26
 Cast: Searing Ray       |       |       |       |     6 |     6 ||    12
       Fireball          |       |       |       |   168 |   365 ||   533
       Blink             |       |       |       |     6 |     1 ||     7
       Mephitic Cloud    |       |       |       |       |    10 ||    10
       Ignite Poison     |       |       |       |       |     7 ||     7
       Orb of Destructio |       |       |       |       |    13 ||    13
Invok: Vitalisation      |       |       |     3 |     7 |     1 ||    11
       Recite            |       |       |     1 |       |       ||     1
       Imprison          |       |       |       |     2 |       ||     2
 Abil: Breathe Dispellin |       |       |    49 |    24 |    14 ||    87
Evoke: Wand              |       |       |     5 |    23 |     8 ||    36
       Phial of floods   |       |       |       |     1 |     1 ||     2
       Phantom mirror    |       |       |       |       |     1 ||     1
  Use: Scroll            |       |       |    10 |    17 |    16 ||    43
       Potion            |       |       |       |     3 |     2 ||     5
 Stab: Sleeping          |     8 |     8 |       |     4 |     1 ||    21
       Held in net/web   |       |       |     1 |       |       ||     1
       Paralysed         |       |       |       |     4 |       ||     4
       Fleeing           |       |       |       |     1 |       ||     1
Armor: Skin              |    50 |   111 |    95 |   251 |   214 ||   721
Dodge: Dodged            |   105 |   280 |   245 |   351 |   348 ||  1329
Block: Other             |       |       |    23 |   297 |   257 ||   577

Vanquished Creatures
  Gastronok (D:9)
  Snorg (D:12)
  A merfolk impaler (Shoals:2)
  Harold (D:7)
  A merfolk avatar (Shoals:1)
  Fannar (D:10)
  5 hydras
  A two-headed ogre (D:9)
  A merfolk aquamancer (Shoals:1)
  2 centaur warriors
  A tengu warrior (D:12)
  7 death yaks
  An orc high priest (Orc:2)
  Urug (D:10)
  Nergalle (D:10)
  Sonja (D:10)
  3 sea snakes (Shoals:2)
  A lindwurm (Lair:6)
  17 harpies
  A deep elf pyromancer (D:13)
  3 orc sorcerers
  3 orc knights (Orc:2)
  An ugly thing (D:12)
  3 manticores
  9 fauns (Shoals:2)
  An ice statue (IceCv)
  8 black mambas
  3 merfolk sirens
  13 elephants
  2 water nymphs
  A gargoyle (D:12)
  3 torpor snails
  13 cane toads
  5 rime drakes
  An unseen horror (D:12)
  Psyche (D:9)
  An anaconda simulacrum (IceCv)
  A kobold demonologist (D:12)
  A freezing wraith (IceCv)
  4 komodo dragons
  A guardian mummy (D:12)
  4 merfolk
  5 trolls
  A polar bear (Lair:5)
  2 wind drakes
  2 dream sheep
  Grinder (D:5)
  17 blink frogs
  3 slime creatures (D:12)
  A hornet (D:8)
  4 snapping turtles
  Prince Ribbit (D:9)
  2 redbacks (Lair:2)
  4 shadows
  A vampire (D:8)
  4 wyverns
  A dire elephant simulacrum (IceCv)
  17 yaks
  7 basilisks
  7 water elementals
  A steam dragon (D:8)
  A death yak simulacrum (IceCv)
  A harpy simulacrum (IceCv)
  Grum (D:9)
  3 wargs
  2 acid dragons
  20 water moccasins
  Purgy (D:5)
  22 orc warriors
  2 ice beasts
  4 black bears
  6 ogres
  9 centaurs
  2 phantoms (D:5)
  13 wolves
  2 kobold brigands
  13 bullfrogs
  A wyvern zombie (D:7)
  7 two-headed ogre simulacra (IceCv)
  2 cane toad simulacra (IceCv)
  2 scorpions
  A water moccasin zombie (D:5)
  2 wyvern skeletons
  A water moccasin skeleton (D:6)
  An elephant simulacrum (IceCv)
  6 killer bees (D:9)
  A jelly (D:7)
  5 howler monkeys
  17 wights
  3 electric eels
  A centaur skeleton (D:5)
  3 centaur zombies
  13 orc priests
  A gnoll shaman (D:5)
  A bullfrog skeleton (D:6)
  2 iguanas
  21 orc wizards
  4 hell rats (Lair:5)
  10 spriggan simulacra (IceCv)
  A troll simulacrum (IceCv)
  A polar bear simulacrum (IceCv)
  7 wolf simulacra (IceCv)
  2 killer bee zombies
  3 mummies (Ossuary)
  Robin (D:2)
  3 gnolls (D:6)
  8 adders
  5 naga simulacra (IceCv)
  2 river rats (D:5)
  7 white imps
  5 ufetubi
  3 adder zombies (Ossuary)
  3 worms
  9 dart slugs
  61 orcs
  9 bats
  10 endoplasms
  4 giant cockroaches
  17 goblins
  10 hobgoblins
  7 jackals
  10 ball pythons
  4 frilled lizards
  3 goblin zombies (Ossuary)
  12 kobolds
  5 kobold zombies (Ossuary)
  An orc zombie (Ossuary)
  2 quokka zombies (Ossuary)
  8 rats
  4 rat zombies (Ossuary)
646 creatures vanquished.

Vanquished Creatures (collateral kills)
  Saint Roka (Orc:2)
  Jorgrun (D:12)
  An orc warlord (D:11)
  A blink frog (Lair:6)
  2 dream sheep (Lair:6)
  A water elemental (Shoals:3)
7 creatures vanquished.

Vanquished Creatures (others)
  A wyvern zombie (D:6)
  A howler monkey (D:9)
  A hound (D:9)
  An orc wizard (D:10)
  A howler monkey zombie (D:10)
  3 ufetubi (IceCv)
  A frilled lizard (D:2)
  A bush (Lair:6)
  95 fungi
  182 plants
  6 withered plants (Lair:3)
293 creatures vanquished.

Grand Total: 946 creatures vanquished
